 Dungeon Crawl Stone Soup version 0.25-a0-589-g1e14c549ee (webtiles) character file.

Game seed: 5692049631851175641, levelgen mode: deterministic

154 Lentor the Cudgeler (level 5, -4/42 HPs)
             Began as a Demonspawn Fighter on Mar 9, 2020.
             Killed by divine providence
             ... invoked by an orc priest
              (11 damage)
             ... on level 3 of the Dungeon.
             The game lasted 00:07:55 (2498 turns).

Lentor the Cudgeler (Demonspawn Fighter)            Turns: 2498, Time: 00:07:55

Health: -4/42      AC:  6    Str: 17    XL:     5   Next: 13%
Magic:  5/5        EV:  6    Int: 10    God:
Gold:   159        SH:  8    Dex: 12    Spells: 4/4 levels left

rFire    . . .     SeeInvis .   a - +0 flail
rCold    . . .     Gourm    .   c - +0 kite shield
rNeg     . . .     Faith    .   b - +0 scale mail
rPois    .         Spirit   .   (no helmet)
rElec    .         Reflect  .   (no cloak)
rCorr    .         Harm     .   (no gloves)
MR       .....                  (no boots)
Stlth    ..........             (no amulet)
HPRegen  0.14/turn              (no ring)
MPRegen  0.09/turn              (no ring)

@: no status effects
A: hooves 1, demonic guardian 1
a: no special abilities


You were on level 3 of the Dungeon.
You were hungry.

You visited 1 branch of the dungeon, and saw 3 of its levels.

You collected 159 gold pieces.

Inventory:

Hand Weapons
 a - a +0 flail (weapon)
Missiles
 v - 14 poisoned darts (quivered)
Armour
 b - a +0 scale mail (worn)
 c - a +0 kite shield (worn)
Jewellery
 w - an uncursed amulet of faith
Scrolls
 g - 4 scrolls of teleportation {unknown}
 m - 2 scrolls of amnesia
 n - a scroll of enchant weapon {unknown}
 p - a scroll of random uselessness {unknown}
 r - a scroll of magic mapping {unknown}
 s - a scroll of immolation {unknown}
 t - a scroll of fear {unknown}
 x - 2 scrolls of identify
Potions
 d - 2 potions of might
 e - a potion of invisibility {unknown}
 h - a potion of curing
 i - 2 potions of flight
 j - a potion of cancellation {unknown}
 k - 2 potions of haste {unknown}
 l - a potion of berserk rage {unknown}
 o - a potion of resistance {unknown}
 q - a potion of degeneration {unknown}
Comestibles
 f - 7 rations


   Skills:
 + Level 4.1 Fighting
 * Level 4.1 Maces & Flails
 - Level 2.6 Armour
 - Level 2.6 Shields


You had 4 spell levels left.
You didn't know any spells.
Your spell library was empty.

Dungeon Overview and Level Annotations

Branches:
Dungeon (3/15)

Altars:

Annotations:
D:3 1 runed translucent door, Crazy Yiuf


Innate Abilities, Weirdness & Mutations

You have large cloven feet.
A weak demonic guardian rushes to your aid.


Message History

The orc priest looks braver for a moment.
You swap places.
Your white imp disappears in a puff of smoke!
What are your orders? t - Shout!
Orders for allies: a - Attack new target. r - Retreat! s - Stop attacking. g - Guard the area. f - Follow me.
Anything else - Cancel.
Gang up on whom?
Press: ? - help, Dir - move target cursor, f - orc priest
Aim: an orc priest Attack!
The orc priest barely misses your ufetubus.
You are feeling hungry.
Your ufetubus barely misses the orc priest.
Your ufetubus closely misses the orc priest.
The orc priest mumbles some strange prayers to Beogh against you.
Beogh smites you!
You die...

##.## ######.####.#
#.##### ##...## #
#.....# ######.....##.#
#####.# #..............
#.# #.####.....###. #.#
#.# ##....# . #.# #.#
###....###.
#######.###########.#
#......5)).
.)........o55...@...#
#o#....#.##
#########.###########
#.##.#..... #.#
########.##.###.## #.#
#)รท......##.###.# #.#
#.#####o.#........ #.#
#...........##.###
#o######.#####......#.#
#...5..o.# #.##.#.#.#
########.# #.##.....#


You could see an orc priest and 2 friendly ufetubi.

Vanquished Creatures
  5 adders
  A gnoll (D:1)
  2 worms (D:3)
  A dart slug (D:3)
  5 leopard geckos
  2 orcs (D:3)
  9 bats
  4 giant cockroaches
  4 goblins
  5 hobgoblins
  4 jackals (D:2)
  11 kobolds
  A ball python (D:1)
  5 frilled lizards
  9 rats
68 creatures vanquished.

Vanquished Creatures (collateral kills)
  An orc priest (D:3)
1 creature vanquished.

Vanquished Creatures (others)
  An adder (D:2)
1 creature vanquished.

Grand Total: 70 creatures vanquished

Notes
Turn   | Place    | Note
-------+----------+-------------------------------------------
     0 | D:1      | Lentor the Demonspawn Fighter began the quest for the Orb.
     0 | D:1      | Reached XP level 1. HP: 18/18 MP: 1/1
   252 | D:1      | Gained mutation: You have large cloven feet. [demonic
                  | ancestry]
   252 | D:1      | Reached XP level 2. HP: 22/24 MP: 2/2
   435 | D:1      | Reached XP level 3. HP: 23/29 MP: 3/3
  1129 | D:2      | Reached XP level 4. HP: 36/37 MP: 4/4
  2120 | D:3      | Found a runed translucent door.
  2121 | D:3      | Noticed Crazy Yiuf
  2412 | D:3      | Gained mutation: A weak demonic guardian rushes to your
                  | aid. [demonic ancestry]
  2412 | D:3      | Reached XP level 5. HP: 39/42 MP: 5/5
  2466 | D:3      | HP: 2/42 [orc priest/divine providence (10)]
  2498 | D:3      | Killed from afar by an orc priest

Levels and vault maps discovered:
D:1:      psy_arrival_whirlpool, layout_rooms, interstate_on_off
D:2:      layout_basic, minivault_11, nrook_campfire
D:3:      layout_loops_ring, uniq_crazy_yiuf_cottage

Skill      XL: |  1  2  3  4 |
---------------+-------------+-----
Maces & Flails | 2 3 4 |  4.1
Fighting       | 4 |  4.1
Armour         | |  2.6
Shields        | |  2.6

Action                   |  1- 3 |  4- 6 || total
-------------------------+-------+-------++-------
Melee: Flail             |   128 |    98 ||   226
       Kick              |    16 |    16 ||    32
  Use: Scroll            |     4 |     1 ||     5
       Potion            |     1 |       ||     1
  Eat: Chunk             |     1 |     4 ||     5
Armor: Scale mail        |    67 |    44 ||   111
       Ring mail         |       |     1 ||     1
Dodge: Dodged            |    37 |    29 ||    66
Block: Kite shield       |    81 |    51 ||   132

Table legend:
 A = Non-vault XP
 B = Vault XP
 C = Vault XP percentage of total XP
 D = Non-vault monster count
 E = Vault monster count
 F = Vault count percentage of total count
                 A         B        C        D         E       F
            +---------+---------+-------+---------+---------+-------
      Total |     220 |       0 |   0.0 |      69 |       0 |   0.0
            +---------+---------+-------+---------+---------+-------
        D:1 |      51 |       0 |   0.0 |      24 |       0 |   0.0
        D:2 |      56 |       0 |   0.0 |      20 |       0 |   0.0
        D:3 |     113 |       0 |   0.0 |      25 |       0 |   0.0
            +---------+---------+-------+---------+---------+-------
